 Dungeon Crawl Stone Soup version 0.31-a0-675-g238779eb0a (webtiles) character file.

Game seed: 9381221772789155330

201 qw the Shooter (level 5, -2/32 HPs)
             Began as a Gargoyle Hunter on Sept 5, 2023.
             Slain by an ogre
             ... wielding a +0 giant club
              (16 damage)
             ... on level 4 of the Dungeon.
             The game lasted 00:00:47 (1907 turns).

qw the Shooter (Gargoyle Hunter)                    Turns: 1907, Time: 00:00:47

Health: -2/32      AC:  9    Str: 15    XL:     5   Next: 79%
Magic:  5/5        EV: 11    Int:  9    God:
Gold:   32         SH:  0    Dex: 15    Spells: 4/4 levels left

rFire   . . .        Y - +2 shortbow
rCold   . . .        (shield currently unavailable)
rNeg    + . .        f - +0 ring mail
rPois   inf          (no helmet)
rElec   +            (no cloak)
rCorr   .            (no gloves)
SInv    .            (no boots)
Will    .....        a - amulet of faith
Stlth   +            (no ring)
HPRegen 0.25/turn    (no ring)
MPRegen 0.09/turn

%: faith
@: no status effects
A: sickness immunity, AC +4, negative energy resistance 1, electricity
resistance, torment resistance 1, petrification resistance
a: no special abilities


You were on level 4 of the Dungeon.
You visited 1 branch of the dungeon, and saw 4 of its levels.

You collected 132 gold pieces.
You spent 100 gold pieces at shops.


Innate Abilities, Weirdness & Mutations

You are immune to sickness and miasma.
Your stone body is resilient. (AC +4)
You are immune to poison.
You resist negative energy. (rN+)
You are resistant to electric shocks. (rElec)
You are resistant to unholy torment.
You are immune to petrification.


   Skills:
 + Level 3.2 Fighting
 - Level 6.0 Ranged Weapons
 - Level 2.2 Armour
 - Level 1.5 Dodging
 - Level 1.1 Stealth


You had 4 spell levels left.
You didn't know any spells.
Your spell library was empty.

Inventory:

Hand Weapons
 Y - a +2 shortbow (weapon)
Armour
 f - a +0 ring mail (worn)
Jewellery
 a - an amulet of faith (around neck)
 b - a ring of fire
 c - a ring of ice
Scrolls
 d - 2 scrolls of enchant armour
 h - a scroll of identify
Potions
 e - a potion of lignification {unknown}
 i - a potion of curing {unknown}
 j - a potion of haste

Dungeon Overview and Level Annotations

Branches:
Dungeon (4/15)
 Temple: D:4-7

Altars:

Shops:
D:1 ::   D:3 *


Message History

Found an escape hatch in the floor.
Found a stone staircase leading up.
Enter note:
Enter note:
There is an escape hatch in the floor here.
You open the door.
An ogre and 8 goblins come into view.
The ogre shouts!
The goblin shouts! x5
Found 11 large rocks.
You shoot an arrow. The goblin shouts!
The arrow hits the goblin!
You kill the goblin!
You shoot an arrow. The arrow hits the goblin!
You kill the goblin!
You shoot an arrow. The arrow barely misses the goblin.
The arrow hits the goblin.
You kill the goblin!
The goblin barely misses you. The goblin hits you with a +0 dagger.
You shoot an arrow. The arrow hits the goblin.
The goblin is moderately wounded.
The goblin misses you. The goblin hits you but does no damage.
You shoot an arrow. The arrow hits the goblin!
You kill the goblin!
The goblin unwields a +0 dagger.
The goblin wields a +0 sling.
The goblin shoots a sling bullet.
The sling bullet misses you.
You shoot an arrow. The arrow hits the ogre!
The ogre is moderately wounded.
The goblin misses you. The ogre barely misses you.
You shoot an arrow. The arrow hits the ogre!
The ogre is severely wounded.
The goblin barely misses you.
The ogre hits you with a +0 giant club!!
Ouch! That really hurt!
You shoot an arrow. The arrow barely misses the ogre.
The arrow closely misses the goblin.
The goblin hits you but does no damage. The goblin closely misses you.
The ogre hits you with a +0 giant club!
Ouch! That really hurt!
You die... +.....# #.... #.=...#... #.... #.....#... #.... . #####....#... #.... ... #(..###+##... #.... .... #...# #...##.... ..... ggg

..##...#..... .....##O##
.......#..... ......g@)#
.......'..... ......<..#
.......#.....
.........#######+##.....
+#####..................
#..................
#..................
#...>..............
#..............>...
#.......######.....


You could see an ogre and 4 goblins.

Vanquished Creatures
  Natasha (twice) (D:3)
  Terence (D:2)
  3 gnolls (D:3)
  2 adders
  5 dart slugs
  4 ball pythons
  3 bats
  5 endoplasms
  2 giant cockroaches
  9 goblins
  6 hobgoblins
  10 jackals
  3 kobolds
  2 quokkas
  A frilled lizard (D:3)
  5 rats
63 creatures vanquished.

Notes
Turn   | Place    | Note
-------+----------+-------------------------------------------
     0 | D:1      | qw the Gargoyle Hunter began the quest for the Orb.
     0 | D:1      | Reached XP level 1. HP: 12/12 MP: 1/1
     0 | D:1      | 0 ||| qw: Version: 0.3-a-75-gb5c8c4b
     0 | D:1      | 0 ||| qw: Game counter: 17
     0 | D:1      | 0 ||| qw: Melee chars always use a shield: true
     0 | D:1      | 0 ||| qw: God list: Okawaru
     0 | D:1      | 0 ||| qw: Allow faded altars: false
     0 | D:1      | 0 ||| qw: Do Orc after clearing Dungeon:15 true
     0 | D:1      | 0 ||| qw: Do second Lair branch before Depths: true
     0 | D:1      | 0 ||| qw: Lair rune preference: random
     0 | D:1      | 0 ||| qw: Goals: Normal
     0 | D:1      | 0 ||| PLANNING D:1-11
   140 | D:1      | Found Myphysch's Book Shoppe.
   163 | D:1      | Reached XP level 2. HP: 12/17 MP: 2/2
   199 | D:1      | 199 ||| RETREATING.
   301 | D:1      | Found a faded altar of an unknown god.
   320 | D:1      | Found Cigysmuh's Vocational Training.
   568 | D:1      | 568 ||| DROPPING scarf of shadows.
   569 | D:1      | 569 ||| UPGRADING to +0 ring mail.
   579 | D:1      | 579 ||| DROPPING +0 leather armour.
   580 | D:1      | 580 ||| READING scroll labelled TAASECHA KAFRU.
   581 | D:1      | 581 ||| READING scroll labelled MIZORA JEX CAMP.
   582 | D:1      | 582 ||| DROPPING scroll of butterflies.
   642 | D:2      | Reached XP level 3. HP: 21/21 MP: 3/3
   649 | D:2      | 649 ||| READING scroll of enchant weapon.
   649 | D:2      | 649 ||| ENCHANTING +1 shortbow.
   664 | D:2      | Noticed Terence
   668 | D:2      | Killed Terence
   767 | D:2      | Reached XP level 4. HP: 26/26 MP: 4/4
   771 | D:2      | Reached skill level 5 in Ranged Weapons
   975 | D:2      | 975 ||| READING scroll labelled CUIGIB YNASK.
   976 | D:2      | 976 ||| READING scroll labelled XUSURUROMU.
   977 | D:2      | 977 ||| READING 2 scrolls labelled KACEYK GYSI.
  1029 | D:3      | Reached skill level 3 in Fighting
  1034 | D:3      | HP: 5/28 [gnoll/+0 spear (4)]
  1037 | D:3      | HP: 1/28 [gnoll/+0 spear (5)]
  1039 | D:3      | Reached XP level 5. HP: 1/32 MP: 5/5
  1248 | D:3      | Noticed Natasha
  1254 | D:3      | Killed Natasha
  1542 | D:3      | Found Lanois Maotz's General Store.
  1550 | D:3      | 1550 ||| BUYING potion of haste (100 gold).
  1550 | D:3      | Bought a potion of haste for 100 gold pieces
  1550 | D:3      | 1550 ||| SHOPLISTING scroll of teleportation (30 gold, have
                  | 18).
  1706 | D:3      | Noticed Natasha
  1712 | D:3      | Killed Natasha
  1751 | D:3      | 1751 ||| UPGRADING to amulet of faith.
  1756 | D:3      | 1756 ||| READING scroll labelled ECRENI UQ GEAB.
  1757 | D:3      | 1757 ||| READING 2 scrolls labelled LOFALOMISU.
  1758 | D:3      | 1758 ||| READING scroll labelled ANIAKI GUIPIU.
  1884 | D:4      | Reached skill level 6 in Ranged Weapons
  1899 | D:4      | Noticed an ogre
  1907 | D:4      | Slain by an ogre

Levels and vault maps discovered:
D:1:      dpeg_arrival_solitude, layout_rooms,
          hellmonk_ecumenical_altar_heavens_door, serial_curves, eino_curves_01,
          eino_curves_01, serial_shops, nicolae_shop_hallway_plus,
          nicolae_shop_vocational
D:2:      layout_basic, uniq_terence
D:3:      layout_loops_ring, serial_shops, shop, uniq_crazy_yiuf_cottage,
          uniq_natasha
D:4:      layout_gridville, minmay_temple_entry_antechambers,
          minmay_ogre_servants

Skill      XL: |  1  2  3  4  5 |
---------------+----------------+-----
Armour         | 2 |  2.2
Ranged Weapons | 5 6 |  6.0
Fighting       | 3 |  3.2
Dodging        | |  1.5
Stealth        | |  1.1

Action                     |  1- 3 |  4- 6 || total
---------------------------+-------+-------++-------
   Fire: Shortbow          |    71 |   104 ||   175
    Use: Scroll            |     3 |     6 ||     9
 Armour: Leather armour    |    25 |       ||    25
         Ring mail         |     3 |    36 ||    39
  Dodge: Dodged            |    25 |    16 ||    41

Table legend:
 A = Non-vault XP
 B = Vault XP
 C = Vault XP percentage of total XP
 D = Non-vault monster count
 E = Vault monster count
 F = Vault count percentage of total count
                 A         B        C        D         E       F
            +---------+---------+-------+---------+---------+-------
      Total |     208 |      80 |  27.8 |      57 |       6 |   9.5
            +---------+---------+-------+---------+---------+-------
        D:1 |      31 |       0 |   0.0 |      16 |       0 |   0.0
        D:2 |      52 |      36 |  40.9 |      24 |       1 |   4.0
        D:3 |     109 |      36 |  24.8 |      15 |       1 |   6.2
        D:4 |      16 |       8 |  33.3 |       2 |       4 |  66.7
            +---------+---------+-------+---------+---------+-------
